 Dungeon Crawl Stone Soup version 0.30-a0-585-g93115170b9 (webtiles) character file.

Game seed: 7328774083232660487

88 Sabo the Shield-Bearer (level 4, 0/40 HPs)
             Began as an Armataur Fighter on Jan 1, 2023.
             Slain by a worm (3 damage)
             ... on level 2 of the Dungeon.
             The game lasted 00:07:31 (1580 turns).

Sabo the Shield-Bearer (Armataur Fighter)           Turns: 1580, Time: 00:07:32

Health: 0/40       AC:  9    Str: 23    XL:     4   Next: 29%
Magic:  4/4        EV:  5    Int:  9    God:
Gold:   29         SH:  4    Dex:  9    Spells: 3/3 levels left

rFire   . . .      SeeInvis .    a - +0 war axe
rCold   . . .      Faith    .    c - +0 buckler
rNeg    . . .      Spirit   .    l - +0 chain mail
rPois   .          Reflect  .    h - +0 helmet
rElec   .          Harm     .    (no cloak)
rCorr   .          Roll     +    (no gloves)
Will    .....                    (no barding) Stlth
                                 (no amulet)
HPRegen 0.26/turn                (no ring)
MPRegen 0.09/turn                (no ring)

@: no status effects
A: large, rugged brown scales 3, deformed body, armoured tail, roll, long
tongue, awkward tongue
a: no special abilities


You were on level 2 of the Dungeon.
You visited 1 branch of the dungeon, and saw 2 of its levels.

You collected 29 gold pieces.

Inventory:

Hand Weapons
 a - a +0 war axe (weapon)
 i - a +1 shortbow of flaming
Missiles
 n - 5 poisoned darts (quivered)
Armour
 c - a +0 buckler (worn)
 h - a +0 helmet (worn)
 l - a +0 chain mail (worn)
Jewellery
 j - a ring of fire
Scrolls
 b - a scroll of enchant armour {unknown}
 g - a scroll of vulnerability {unknown}
 k - a scroll of identify {unknown}
 m - a scroll of blinking {unknown}
Potions
 d - a potion of might
 e - a potion of brilliance {unknown}
 f - a potion of haste {unknown}
 o - a potion of curing {unknown}


   Skills:
 + Level 3.0 Fighting
 + Level 2.2 Axes
 + Level 4.2 Armour
 + Level 0.6 Dodging
 + Level 4.3 Shields


You had 3 spell levels left.
You didn't know any spells.
Your spell library was empty.

Dungeon Overview and Level Annotations

Branches:
Dungeon (2/15)

Altars:

Shops:
D:1 *


Innate Abilities, Weirdness & Mutations

You are completely covered in rugged brown scales. (AC +3, +7% HP)
Armour fits poorly on your strangely shaped body.
You have a long armoured tail.
You roll when moving toward enemies. (Rampage)
Your long tongue fully drains potion bottles. (2x potion effects)
Your tongue gives you trouble enunciating. (1.5x scroll delay)


Message History

You kill the rat!
You closely miss Jessica.
Jessica points at you and mumbles some strange words.
You resist with some effort.
You hit Jessica.
Jessica is lightly wounded.
Jessica mumbles some strange words.
Jessica seems to speed up.
Jessica hits you but does no damage.
You closely miss Jessica.
Jessica is lightly wounded.
You slash the worm! Jessica barely misses you. Jessica casts a spell at you.
Pain shoots through your body!
* * * LOW HITPOINT WARNING * * *
You hit the worm.
You tail-slap the worm, but do no damage.
The worm is heavily wounded.
You closely miss Jessica. Jessica hits you but does no damage.
The worm bites you.
* * * LOW HITPOINT WARNING * * *
Jessica hits you with a +0 dagger.
* * * LOW HITPOINT WARNING * * *
You slash Jessica!
Jessica is almost dead.
You hit the worm but do no damage. You block Jessica's attack.
You block the worm's attack. Jessica hits you with a +0 dagger.
* * * LOW HITPOINT WARNING * * *
You hit Jessica.
You kill Jessica!
You hit the worm but do no damage. The worm bites you but does no damage.
Your Shields skill increases to level 4!
You have reached level 4!
You feel clever.
You hit the worm but do no damage.
The worm is moderately wounded.
The worm bites you but does no damage.
You slash the worm!
The worm is severely wounded.
The worm bites you.
You die...

#.# # # ....#. ..... .
#.#.# .... #. #.#.# ....
#. #...# ..... #..
#..#...... #..##..#...#
#.....@w...##
####...)...... ###
#######..###..... ..#
#........# .##.# ..#
#.##.............
#.######.##.##...#.....
............##.#....#..
#.##................#
..##.###.##.##.##.#......


You could see a worm.

Vanquished Creatures
  Jessica (D:2)
  An adder (D:2)
  3 dart slugs
  4 ball pythons
  3 endoplasms (D:1)
  2 giant cockroaches (D:1)
  4 goblins (D:1)
  9 hobgoblins
  3 quokkas (D:1)
  2 bats
  2 frilled lizards
  5 kobolds
  5 rats
44 creatures vanquished.

Notes
Turn   | Place    | Note
-------+----------+-------------------------------------------
     0 | D:1      | Sabo the Armataur Fighter began the quest for the Orb.
     0 | D:1      | Reached XP level 1. HP: 19/19 MP: 1/1
    64 | D:1      | Reached XP level 2. HP: 22/26 MP: 2/2
   394 | D:1      | Reached XP level 3. HP: 33/33 MP: 3/3
   519 | D:1      | Found Rixteuj's Assorted Antiques.
  1562 | D:2      | Noticed Jessica
  1577 | D:2      | HP: 1/33 [Jessica/+0 dagger (3)]
  1578 | D:2      | Killed Jessica
  1579 | D:2      | Reached XP level 4. HP: 2/40 MP: 4/4
  1580 | D:2      | Slain by a worm

Illustrated notes

Levels and vault maps discovered:
D:1:      onia_arrival_handbag, layout_basic, serial_shops,
          nicolae_shop_advertising_works [nicolae_subvault_shop_adworks],
          minmay_misc_feat_nine_boxes
D:2:      layout_loops_cross, nicolae_ecumenical_pavilion, uniq_jessica

Skill      XL: |  1  2  3 |
---------------+----------+-----
Armour         | 4 |  4.2
Fighting       | 3 |  3.0
Axes           | 2 |  2.2
Shields        | 4 |  4.3
Dodging        | |  0.6

Action                   |  1- 3 |  4- 6 || total
-------------------------+-------+-------++-------
Melee: War axe           |   103 |     2 ||   105
       Tailslap          |     8 |       ||     8
Armor: Scale mail        |    32 |       ||    32
       Chain mail        |    31 |     1 ||    32
Dodge: Dodged            |    38 |       ||    38
Block: Buckler           |    24 |       ||    24

Table legend: (Time is in decaauts)
 A = Elapsed time spent in this place.
 B = Non-inter-level travel time spent in this place.
 C = Inter-level travel time spent in this place.
 D = Time resting spent in this place.
 E = Time spent auto-exploring this place.
 F = Levels seen in this place.
 G = Mean time per level.
                   A        B        C        D        E       F      G
               +--------+--------+--------+--------+--------+-----+--------+
         Total |   1625 |   1625 |      0 |    182 |      0 |   2 |  812.5 |
       Dungeon |   1625 |   1625 |      0 |    182 |      0 |   2 |  812.5 |
               +--------+--------+--------+--------+--------+-----+--------+

Top non-repeatable levels by time:
     D:1: 1246 daAuts
     D:2: 378 daAuts
